 Dungeon Crawl Stone Soup version 0.30-a0-462-gd5975efbca (webtiles) character file.

Game seed: 17004344462054293684

10136 leviel the Blocker (level 11, -12/109 HPs)
             Began as a Troll Fighter on Dec 3, 2022.
             Was a High Priest of the Shining One.
             Mangled by a two-headed ogre
             ... wielding a +0 giant club
              (17 damage)
             ... on level 2 of the Orcish Mines on Dec 17, 2022.
             The game lasted 00:18:01 (8667 turns).

leviel the Blocker (Troll Fighter)                  Turns: 8667, Time: 00:18:02

Health: -12/109    AC:  9    Str: 40    XL:     11   Next: 32%
Magic:  19/19      EV: 10    Int:  3    God:    the Shining One [*****.]
Gold:   742        SH:  9    Dex:  8    Spells: 10/10 levels left

rFire   + . .      SeeInvis .    i - +6 war axe (freeze)
rCold   . . .      Faith    .    b - +0 kite shield
rNeg    + + +      Spirit   .    a - +2 robe
rPois   .          Reflect  .    y - +2 hat
rElec   .          Harm     .    d - +1 cloak
rCorr   .          Rampage  .    (gloves unavailable)
Will    .....                    (boots unavailable)
Stlth   +.........               (no amulet)
HPRegen 1.98/turn                c - ring of the Spinneret {rF+ rN+ MP+9}
MPRegen 0.16/turn                v - +6 ring of strength

@: glowing
A: large, unfitting armour, claws 3, regeneration 2, shaggy fur 1, tough skin 1,
deformed body, strong 1, subdued magic 1
a: Renounce Religion, Divine Shield, Cleansing Flame, Summon Divine Warrior


You were on level 2 of the Orcish Mines.
You worshipped the Shining One.
The Shining One was extremely pleased with you.
You visited 3 branches of the dungeon, and saw 12 of its levels.
You also visited: Sewer.

You collected 1083 gold pieces.
You spent 341 gold pieces at shops.

Inventory:

Hand Weapons
 i - a +6 war axe of freezing (weapon)
 s - a +3 great sword of holy wrath
Armour
 a - a +2 robe (worn)
 b - a +0 kite shield (worn)
 d - a +1 cloak (worn)
 y - a +2 hat (worn)
Jewellery
 c - the ring of the Spinneret (left claw) {rF+ rN+ MP+9}
   (You acquired it on level 7 of the Dungeon)

   [ring of positive energy]

   rF:        It protects you from fire.
   rN:        It protects you from negative energy.
   MP:        It affects your magic capacity (+9).
 v - a +6 ring of strength (right claw)
Wands
 l - a wand of digging (13)
 n - a wand of iceblast (12)
 o - a wand of mindburst (18)
 r - a wand of acid (3)
 z - a wand of flame (9)
 A - a wand of charming (7)
Scrolls
 q - 4 scrolls of teleportation
 u - a scroll of fear
Potions
 e - 4 potions of attraction
 f - 2 potions of brilliance
 h - 3 potions of curing
 k - 3 potions of magic
 m - 2 potions of flight
 t - a potion of mutation
 x - a potion of resistance {unknown}


   Skills:
 + Level 7.4 Fighting
 + Level 4.9 Axes
 * Level 8.2 Dodging
 + Level 8.2 Shields
 - Level 7.9 Unarmed Combat


You had 10 spell levels left.
You didn't know any spells.
Your spell library contained the following spells:

 Spells                   Type           Power      Damage    Failure   Level
 Ensorcelled Hibernation  Hex/Ice        0%         N/A       86%         2
 Call Canine Familiar     Summ           0%         N/A       98%         3
 Gell's Gravitas          Tloc           0%         N/A       98%         3
 Lesser Beckoning         Tloc           0%         N/A       98%         3
 Portal Projectile        Hex/Tloc       0%         N/A       98%         3
 Spider Form              Tmut/Pois      0%         N/A       98%         3
 Teleport Other           Tloc           0%         N/A       98%         3
 Anguish                  Hex/Necr       0%         N/A       100%        4
 Leda's Liquefaction      Hex/Erth       0%         N/A       100%        4
 Chain Lightning          Conj/Air       0%         N/A       100%        9
 Fire Storm               Conj/Fire      0%         5d1       100%        9
 Shatter                  Erth           0%         3d5*      100%        9


Dungeon Overview and Level Annotations

Branches:
Dungeon (9/15)             Temple (1/1) D:4             Orc (2/2) D:9
    Elf (0/3) Orc:2         Sewer (visited)
   Lair: D:8-11

Altars:
Ashenzari
Cheibriados
Dithmenos
Elyvilon
Fedhas
Gozag
Hepliaklqana
Kikubaaqudgha
Makhleb
Okawaru
Qazlal
Ru
Sif Muna
Trog
Uskayaw
Vehumet
Wu Jian
Xom
Yredelemnul
Zin
The Shining One

Shops:
D:3 ?   D:8 !


Innate Abilities, Weirdness & Mutations

You are too large for most types of armour.
You have claws for hands.
You heal very quickly.
You are covered in fur. (AC +1)
You have tough skin. (AC +1)
Armour fits poorly on your strangely shaped body.
Your muscles are strong. (Str +4, Int/Dex -1)
Your spells are a little easier to cast, but a little less powerful.


Message History

You freeze the two-headed ogre! The troll bites you but does no damage.
You block the troll's attack. The troll claws you but does no damage.
You block the two-headed ogre's attack.
The two-headed ogre hits you with a +0 giant spiked club!
You hit the two-headed ogre. You freeze the two-headed ogre.
The two-headed ogre is heavily wounded.
You slash the troll! You freeze the troll. The troll bites you.
You block the troll's attack. The troll claws you.
The two-headed ogre closely misses you.
The two-headed ogre hits you with a +0 giant spiked club!!
You are too injured to fight recklessly!
You are too injured to fight recklessly!
You are too injured to fight recklessly!
You are too injured to fight recklessly!
You are too injured to fight recklessly!
You are too injured to fight recklessly!
You are too injured to fight recklessly!
An ogre and a troll come into view.
The ogre shouts!
The troll shouts!
You block the troll's attack. The troll barely misses you. The troll claws you.
An ogre comes into view. It is wielding a +0 giant club.
Things that are here:
a +0 whip; a +0 robe; an ogre corpse You slash the two-headed ogre!
You freeze the two-headed ogre.
The two-headed ogre is severely wounded.
You barely miss the troll. You block the troll's attack. The troll claws you!
The troll claws you.
The two-headed ogre hits you with a +0 giant club!
The two-headed ogre hits you with a +0 giant spiked club!
* * * LOW HITPOINT WARNING * * *
The troll bites you.
* * * LOW HITPOINT WARNING * * *
You block the troll's attack. The troll closely misses you.
You hit the two-headed ogre but do no damage.
The two-headed ogre is heavily wounded.
You barely miss the troll.
The two-headed ogre hits you with a +0 giant club!!
* * * LOW HITPOINT WARNING * * *
The two-headed ogre hits you with a +0 giant spiked club!
You die...

*,,....................#.........
,,,.............................#
*,,..#...........................
,,...###.........................
,,.....##........................
,*,#.............................
*,,........O.....................
,*,*#.......T...T....<...........
,,****#.....O...@.....#......#...
,,* ##........O....#........#.#
,** ##...............#.........#
** ##...............##..........
#................#....#...... #*
###...........................
.###......#....................<.
..#....#...##.#.......##.#.......
..##.......#####.......#.........


You could see a two-headed ogre, 2 trolls and 2 ogres.

Vanquished Creatures
  An ogre mage (Orc:2)
  2 two-headed ogres
  An orc knight (Orc:1)
  2 orc sorcerers (Orc:1)
  2 trolls
  A hornet (D:7)
  A wyvern (D:7)
  5 yaks (D:8)
  A steam dragon (D:9)
  3 wargs
  2 water moccasins
  An ice beast (D:5)
  Duvessa (D:4)
  A sky beast (D:6)
  3 orc warriors
  A black bear (D:7)
  7 ogres
  2 centaurs (D:7)
  2 phantoms (D:8)
  A kobold brigand (D:7)
  8 bullfrogs
  2 necrophages (D:7)
  5 gnoll sergeants
  Dowan (D:4)
  3 troll zombies (D:9)
  5 killer bees (D:7)
  13 wights
  3 howler monkeys
  2 hounds
  5 orc priests
  6 jellies
  5 iguanas (D:6)
  Ijyb (D:5)
  6 orc wizards
  5 ogre zombies (D:9)
  20 gnolls
  10 adders
  2 shadow imps (D:7)
  2 white imps
  2 ufetubi
  A worm (D:5)
  3 dart slugs
  30 orcs
  2 bats (D:2)
  15 endoplasms
  11 giant cockroaches
  8 goblins
  8 hobgoblins
  15 quokkas
  15 ball pythons
  9 frilled lizards
  4 hobgoblin zombies (D:9)
  14 kobolds
  21 orc zombies (D:9)
  7 rats
309 creatures vanquished.

Notes
Turn   | Place    | Note
-------+----------+-------------------------------------------
     0 | D:1      | leviel the Troll Fighter began the quest for the Orb.
     0 | D:1      | Reached XP level 1. HP: 22/22 MP: 0/0
   124 | D:1      | Reached XP level 2. HP: 27/29 MP: 1/1
   587 | D:2      | Reached XP level 3. HP: 35/36 MP: 2/2
  1362 | D:3      | Found Joubb's Magic Scroll Shoppe.
  1372 | D:3      | Bought a scroll of magic mapping for 75 gold pieces
  1395 | D:3      | Reached XP level 4. HP: 44/44 MP: 3/3
  1509 | D:3      | Upgraded the game from 0.30-a0-389-g8d7d949f56 to
                  | 0.30-a0-390-g80c34de65d
  2090 | D:4      | Reached XP level 5. HP: 53/53 MP: 4/4
  2265 | D:4      | Noticed Duvessa
  2265 | D:4      | Noticed Dowan
  2274 | D:4      | Killed Duvessa
  2275 | D:4      | Reached XP level 6. HP: 52/61 MP: 5/5
  2276 | D:4      | Killed Dowan
  2525 | D:4      | Found a staircase to the Ecumenical Temple.
  2556 | Temple   | Entered the Ecumenical Temple
  2598 | Temple   | Became a worshipper of the Shining One
  2873 | D:5      | Entered Level 5 of the Dungeon
  2967 | D:5      | Noticed Ijyb
  2974 | D:5      | Killed Ijyb
  3034 | D:5      | Noticed an ice beast
  3052 | D:5      | Killed an ice beast
  3053 | D:5      | Reached XP level 7. HP: 16/68 MP: 6/6
  3150 | D:5      | Reached skill level 5 in Unarmed Combat
  3241 | D:5      | Found a white marble altar of Elyvilon.
  3241 | D:5      | Found an opulent altar of Gozag.
  3442 | D:5      | Found a glowing drain.
  3447 | Sewer    | Entered a sewer
  4075 | D:6      | Reached XP level 8. HP: 69/78 MP: 7/7
  4125 | D:6      | You fall into a shaft and drop 2 floors!
  4132 | D:8      | Found Nydemn's Distillery.
  4151 | D:8      | Reached skill level 5 in Shields
  4188 | D:8      | Bought a potion of heal wounds for 70 gold pieces
  4188 | D:8      | Bought a potion of degeneration for 14 gold pieces
  4188 | D:8      | Bought a potion of curing for 42 gold pieces
  4188 | D:8      | Bought a potion of haste for 140 gold pieces
  4257 | D:8      | Reached * piety under the Shining One
  4415 | D:8      | Reached skill level 5 in Fighting
  4415 | D:8      | Reached skill level 5 in Dodging
  4425 | D:8      | Reached XP level 9. HP: 56/88 MP: 8/8
  4771 | D:8      | Upgraded the game from 0.30-a0-390-g80c34de65d to
                  | 0.30-a0-462-gd5975efbca
  4844 | D:9      | Reached ** piety under the Shining One
  4846 | D:9      | Found a staircase to the Orcish Mines.
  4849 | D:9      | Reached *** piety under the Shining One
  4881 | D:8      | Reached skill level 1 in Axes
  6214 | D:7      | Reached XP level 10. HP: 85/95 MP: 9/9
  6220 | D:7      | Reached **** piety under the Shining One
  6283 | D:7      | Paralysed by a hornet for 2 turns
  6444 | D:7      | Identified a scroll of acquirement
  6444 | D:7      | Acquired the ring of the Spinneret {rF+ rN+ MP+9}
  7332 | D:9      | Noticed a two-headed ogre
  7340 | D:9      | Killed a two-headed ogre
  7612 | Orc:1    | Entered Level 1 of the Orcish Mines
  7627 | Orc:1    | Noticed an orc sorcerer
  7634 | Orc:1    | Killed an orc sorcerer
  7733 | Orc:1    | Noticed an orc sorcerer
  7737 | Orc:1    | Noticed a two-headed ogre
  7740 | Orc:1    | Noticed a smoke demon
  7742 | Orc:1    | Noticed a soul eater
  7744 | Orc:1    | Killed an orc sorcerer
  7746 | Orc:1    | Killed a two-headed ogre
  7747 | Orc:1    | Reached XP level 11. HP: 49/109 MP: 10/10
  7947 | Orc:1    | Reached ***** piety under the Shining One
  7948 | Orc:1    | Noticed an orc knight
  8065 | Orc:1    | Gained mutation: Your spells are a little easier to cast,
                  | but a little less powerful. [potion of mutation]
  8065 | Orc:1    | Gained mutation: Armour fits poorly on your strangely
                  | shaped body. [potion of mutation]
  8065 | Orc:1    | Gained mutation: You heal very quickly. [potion of
                  | mutation]
  8065 | Orc:1    | Gained mutation: Your muscles are strong. (Str +4, Int/Dex
                  | -1) [potion of mutation]
  8138 | Orc:1    | Killed an orc knight
  8420 | Orc:2    | Entered Level 2 of the Orcish Mines
  8462 | Orc:2    | Found a staircase to the Elven Halls.
  8656 | Orc:2    | Noticed an ogre mage
  8659 | Orc:2    | Noticed a two-headed ogre
  8663 | Orc:2    | Killed an ogre mage
  8667 | Orc:2    | HP: 5/109 [two-headed ogre/+0 giant club (21)]
  8667 | Orc:2    | Mangled by a two-headed ogre

Illustrated notes

Levels and vault maps discovered:
D:1:      nicolae_arrival_somewhat_less_tricky_arrival, layout_rooms
D:2:      layout_rooms
D:3:      layout_loops_corners, serial_shops, nicolae_shop_stone
D:4:      layout_gridville, minmay_temple_entry_grid, minmay_starry_boxes,
          uniq_duvessa
D:5:      layout_loops_ring, gammafunk_temple_overflow_wave,
          gup_sewer_entry_bowl, skrybe_limestone_x, uniq_ijyb
D:6:      layout_layer_cave, minmay_misc_feat_nine_boxes
D:7:      minmay_octagon_keep, layout_rooms, hangedman_decor_opposing
D:8:      kennysheep_six_static_rooms, layout_rooms, serial_shops,
          nicolae_shop_waterfront
D:9:      layout_cave_pools, zombieorc2_lemuel
Temple:   hellmonk_temple_of_storms
Orc:1:    layout_caves, nicolae_orc_pool_cavern
Orc:2:    st_orc_open, layout_caves

Skill      XL: |  1  2  3  4  5  6  7  8  9 10 11 |
---------------+----------------------------------+-----
Shields        | 3 4 5 6 7 8 |  8.2
Dodging        | 3 4 5 6 7 8 |  8.2
Fighting       | 3 4 5 6 7 |  7.4
Unarmed Combat | 3 4 5 7 |  7.9
Axes           | 2 4 |  4.9

Action                   |  1- 3 |  4- 6 |  7- 9 | 10-12 || total
-------------------------+-------+-------+-------+-------++-------
Melee: Unarmed           |   119 |   153 |   215 |       ||   487
       War axe           |       |       |   102 |   222 ||   324
Invok: Divine Shield     |       |       |       |     2 ||     2
Evoke: Wand              |       |       |     1 |       ||     1
  Use: Scroll            |     6 |     3 |     3 |     9 ||    21
       Potion            |       |     3 |       |     9 ||    12
 Stab: Sleeping          |     1 |       |       |       ||     1
Armor: Robe              |    48 |    30 |    98 |    72 ||   248
       Skin              |       |       |       |     2 ||     2
Dodge: Dodged            |    25 |    50 |   148 |   114 ||   337
Block: Kite shield       |    35 |    59 |   159 |   137 ||   390

Table legend: (Time is in decaauts)
 A = Elapsed time spent in this place.
 B = Non-inter-level travel time spent in this place.
 C = Inter-level travel time spent in this place.
 D = Time resting spent in this place.
 E = Time spent auto-exploring this place.
 F = Levels seen in this place.
 G = Mean time per level.
                   A        B        C        D        E       F      G
               +--------+--------+--------+--------+--------+-----+--------+
         Total |   8894 |   8558 |    336 |   1109 |   5261 |  13 |  684.2 |
       Dungeon |   7437 |   7118 |    319 |    921 |   4572 |   9 |  826.3 |
        Temple |     47 |     47 |      0 |      0 |     18 |   1 |   47.0 |
  Orcish Mines |   1072 |   1056 |     16 |    188 |    563 |   2 |  536.0 |
         Sewer |    337 |    337 |      0 |      0 |    108 |   1 |  337.0 |
               +--------+--------+--------+--------+--------+-----+--------+

Top non-repeatable levels by time:
     D:8: 1408 daAuts
     D:3: 889 daAuts
   Orc:1: 848 daAuts
     D:6: 829 daAuts
     D:5: 811 daAuts
     D:7: 806 daAuts
     D:4: 790 daAuts
     D:9: 735 daAuts
     D:2: 588 daAuts
     D:1: 577 daAuts
   Sewer: 337 daAuts
   Orc:2: 223 daAuts
  Temple: 47 daAuts
